 Dungeon Crawl Stone Soup version 0.30-a0-596-g0af90f9a20 (webtiles) character file.

Game seed: 17120528434513332564

715 Newt the Cudgeller (level 7, -1/54 HPs)
             Began as a Demonspawn Gladiator on Jan 6, 2023.
             Was an Initiate of Qazlal.
             Slain by Duvessa
             ... wielding a +0 short sword
              (8 damage)
             ... on level 5 of the Dungeon.
             The game lasted 00:04:14 (4202 turns).

Newt the Cudgeller (Demonspawn Gladiator)           Turns: 4202, Time: 00:04:16

Health: -1/54      AC:  5    Str: 20    XL:     7   Next: 41%
Magic:  7/7        EV: 11    Int: 10    God:    Qazlal [......]
Gold:   47         SH: 13    Dex: 14    Spells: 6/6 levels left

rFire   + . .      SeeInvis .    k - +2 whip (vamp)
rCold   . . .      Faith    .    A - +0 kite shield {rF+}
rNeg    . . .      Spirit   .    b - +0 leather armour
rPois   .          Reflect  +    (helmet restricted)
rElec   .          Harm     .    r - +1 cloak of Ickinot {Drain Regen+ Str+4}
rCorr   .          Rampage  .    (no gloves)
Will    .....                    (no boots)
Stlth   ++                       u - amulet of reflection
HPRegen 1.09/turn                (no ring)
MPRegen 0.10/turn                (no ring)

@: no status effects
A: antennae 2, hooves 1, demonic magic 1
a: Renounce Religion


You were on level 5 of the Dungeon.
You worshipped Qazlal.
Qazlal was noncommittal.
You visited 2 branches of the dungeon, and saw 6 of its levels.

You collected 263 gold pieces.
You spent 216 gold pieces at shops.

Inventory:

Hand Weapons
 a - a +0 rapier
 k - a +2 vampiric whip (weapon)
Missiles
 e - a javelin (quivered)
 i - 4 poisoned darts
 l - 11 boomerangs
 o - 5 curare-tipped darts
Armour
 b - a +0 leather armour (worn)
 c - a +0 helmet
 r - the +1 cloak of Ickinot (worn) {Drain Regen+ Str+4}
   (You found it on level 2 of the Dungeon)

   Str:       It affects your strength (+4).
   Regen:     It increases your rate of health regeneration.
   Drain:     It drains your maximum health when unequipped.
 A - a +0 kite shield of fire resistance (worn)
Jewellery
 u - an amulet of reflection (around neck)
Wands
 t - a wand of flame (17)
 y - a wand of digging (7)
Scrolls
 n - a scroll of teleportation
 p - a scroll of poison
 s - 2 scrolls of fear
 v - 2 scrolls of magic mapping {unknown}
 w - 2 scrolls of vulnerability {unknown}
 x - a scroll of enchant weapon {unknown}
Potions
 f - a potion of lignification
 g - 7 potions of curing
 h - a potion of haste {unknown}
 j - a potion of heal wounds {unknown}
 m - a potion of might {unknown}
 q - 2 potions of degeneration {unknown}
 z - a potion of cancellation {unknown}


   Skills:
 - Level 4.0 Fighting
 - Level 2.6 Short Blades
 - Level 5.0 Maces & Flails
 - Level 1.7 Throwing
 - Level 4.0 Dodging
 - Level 2.0 Stealth
 + Level 2.1 Shields


You had 6 spell levels left.
You didn't know any spells.
Your spell library contained the following spells:

 Spells                   Type           Power      Damage    Failure   Level
 Blink                    Tloc           0%         N/A       92%         2
 Momentum Strike          Conj/Tloc      0%         3d8       92%         2
 Lesser Beckoning         Tloc           0%         N/A       99%         3
 Ozocubu's Armour         Ice            0%         N/A       99%         3
 Animate Dead             Necr           0%         N/A       100%        4
 Metabolic Englaciation   Hex/Ice        0%         N/A       100%        5
 Simulacrum               Ice/Necr       0%         N/A       100%        6
 Haunt                    Necr/Summ      0%         N/A       100%        7
 Infestation              Necr           0%         N/A       100%        8


Dungeon Overview and Level Annotations

Branches:
Dungeon (5/15)             Temple (1/1) D:4

Altars:
Ashenzari
Fedhas
Qazlal
Ru
Uskayaw
Vehumet
Wu Jian
Xom

Shops:
D:1 !   D:3 [

Annotations:
D:5 Dowan, Duvessa


Innate Abilities, Weirdness & Mutations

You have a pair of antennae on your head.
You have large cloven feet.
Spells you cast may paralyse adjacent enemies.


Message History

The orc closely misses you. Duvessa misses you. The orc closely misses you.
You block the orc's attack. x2
You hit Duvessa. You kick Duvessa, but do no damage.
Duvessa is lightly wounded.
You block Dowan's attack. You block the orc's attack.
The orc barely misses you. You block Duvessa's attack.
The orc hits you with a +1 flail of holy wrath.
You convulse.
You hit Duvessa.
You feel better.
Duvessa is moderately wounded.
You block the orc's attack. Dowan completely misses you.
Duvessa hits you with a +0 short sword! The orc barely misses you.
The orc closely misses you.
You closely miss Duvessa.
Duvessa is moderately wounded.
The orc barely misses you. You block Dowan's attack.
You block Duvessa's attack. The orc completely misses you.
The orc barely misses you.
You hit Duvessa. You kick Duvessa, but do no damage.
Duvessa is moderately wounded.
Dowan mumbles some strange words.
Dowan blinks!
You block Duvessa's attack.
The orc priest calls down the wrath of Beogh upon you.
Beogh smites you! The orc barely misses you. The orc closely misses you.
The orc hits you with a +0 club.
You are too injured to fight recklessly!
You are too injured to fight recklessly!
You are too injured to fight recklessly!
You are too injured to fight recklessly!
You are too injured to fight recklessly!
Unknown command.
The orc attacks as you move away! The orc hits you with a +0 flail!
The orc attacks as you move away! The orc barely misses you.
The orc priest calls down the wrath of Beogh upon you.
Beogh smites you!
* * * LOW HITPOINT WARNING * * *
You block the orc's attack.
Duvessa says, "When magic and the sword combine, nothing stands against them."
Duvessa hits you with a +0 short sword!
You die...

{ #.##......# #.#...
{ #.##......# #.##.#
#.####)##.# #ยง.).# {
#.# #)##.# ##.... #.#
#.##.# ##.### #.#
#.##.###..# #.#
#.##.##..^# { #.#
#.##.##)#.#{
######@####.........#
#....ooeo#####..##..#
#....o)o.# ##..##....
#.........# ##.##.###
#.........# ..#.#
#....e....[. #.#.#
#........#### .#.#
#........# ...#
....[..... .#


You could see Duvessa, Dowan, an orc priest and 4 orcs.

Vanquished Creatures
  Grinder (D:4)
  A phantom (D:5)
  A scorpion (D:3)
  An orc priest (D:5)
  4 iguanas
  An orc wizard (D:5)
  4 adders
  An ufetubus (D:5)
  3 worms
  5 dart slugs
  2 orcs (D:5)
  3 ball pythons
  9 bats
  6 endoplasms
  3 giant cockroaches
  5 goblins
  4 hobgoblins
  3 jackals (D:1)
  3 quokkas
  3 frilled lizards
  9 kobolds
  4 rats
76 creatures vanquished.

Vanquished Creatures (collateral kills)
  A black bear (D:4)
  A howler monkey (D:4)
  An endoplasm (D:4)
3 creatures vanquished.

Grand Total: 79 creatures vanquished

Notes
Turn   | Place    | Note
-------+----------+-------------------------------------------
     0 | D:1      | Newt the Demonspawn Gladiator began the quest for the Orb.
     0 | D:1      | Reached XP level 1. HP: 16/16 MP: 1/1
    31 | D:1      | Reached skill level 1 in Stealth
    53 | D:1      | Gained mutation: Spells you cast may paralyse adjacent
                  | enemies. [demonic ancestry]
    53 | D:1      | Reached XP level 2. HP: 19/22 MP: 2/2
   536 | D:1      | Found Dewuggyj's Distillery.
   750 | D:1      | Reached XP level 3. HP: 28/28 MP: 3/3
   935 | D:1      | Bought a potion of curing for 36 gold pieces
  1220 | D:2      | Identified the +1 cloak of Ickinot {Drain Regen+ Str+4}
  1923 | D:3      | Found Zuosm's Antique Armour Shoppe.
  1942 | D:3      | Reached XP level 4. HP: 37/37 MP: 4/4
  1955 | D:3      | Noticed a scorpion
  1970 | D:3      | Killed a scorpion
  1971 | D:3      | Reached skill level 1 in Maces & Flails
  2261 | D:3      | Reached skill level 2 in Maces & Flails
  2261 | D:3      | Discovered your monstrous ancestry.
  2261 | D:3      | Gained mutation: You have large cloven feet. [demonic
                  | ancestry]
  2261 | D:3      | Reached XP level 5. HP: 42/42 MP: 5/5
  2304 | D:3      | Found a broken altar of Ashenzari.
  2537 | D:4      | Noticed a black bear
  2558 | D:4      | Killed a black bear
  2559 | D:4      | Reached skill level 3 in Maces & Flails
  2562 | D:4      | Gained mutation: You have a pair of small antennae on your
                  | head. [demonic ancestry]
  2562 | D:4      | Reached XP level 6. HP: 26/48 MP: 6/6
  3039 | D:4      | Noticed Grinder
  3054 | D:4      | Killed Grinder
  3055 | D:4      | Reached skill level 5 in Maces & Flails
  3066 | D:4      | Found a staircase to the Ecumenical Temple.
  3084 | Temple   | Entered the Ecumenical Temple
  3207 | Temple   | Became a worshipper of Qazlal Stormbringer
  3672 | D:4      | Gained mutation: You have a pair of antennae on your head.
                  | [demonic ancestry]
  3672 | D:4      | Reached XP level 7. HP: 49/54 MP: 7/7
  3870 | D:3      | Bought a glowing kite shield for 180 gold pieces
  3917 | D:5      | Entered Level 5 of the Dungeon
  4022 | D:5      | Reached skill level 1 in Shields
  4192 | D:5      | Noticed Duvessa
  4192 | D:5      | Noticed Dowan
  4202 | D:5      | Slain by Duvessa

Illustrated notes

Levels and vault maps discovered:
D:1:      evilmike_arrival_crescent, layout_loops_ring, serial_shops,
          nicolae_shop_behind_doors
D:2:      layout_loops_ring, minmay_tetromino_o2
D:3:      layout_loops_cross, ashenzari_conservatory_becter, serial_shops,
          nicolae_shop_stone
D:4:      layout_basic, minmay_temple_entry_mist, hex_intersection, uniq_grinder
D:5:      kennysheep_windowed_halls, layout_basic, st_stairs_13,
          nrook_pool_corridor, minmay_mini_ossuary, uniq_duvessa
Temple:   nicolae_temple_two_arcs

Skill      XL: |  1  2  3  4  5  6  7 |
---------------+----------------------+-----
Stealth        | 1 2 |  2.0
Fighting       | 3 4 |  4.0
Maces & Flails | 2 3 5 |  5.0
Dodging        | 3 4 |  4.0
Shields        | 2 |  2.1
Short Blades   | |  2.6
Throwing       | |  1.7

Action                   |  1- 3 |  4- 6 |  7- 9 || total
-------------------------+-------+-------+-------++-------
Melee: Rapier            |    85 |       |       ||    85
       Whip              |    69 |   109 |    68 ||   246
       Kick              |       |    21 |    17 ||    38
Throw: Throwing net      |     3 |     2 |     1 ||     6
       Javelin           |     1 |       |       ||     1
  Use: Scroll            |     4 |     4 |       ||     8
 Stab: Held in net/web   |     2 |     1 |     1 ||     4
       Sleeping          |     5 |     3 |     1 ||     9
Armor: Leather armour    |    77 |    32 |     6 ||   115
Dodge: Dodged            |   100 |    51 |    37 ||   188
Block: Other             |       |    10 |       ||    10
       Kite shield       |       |       |    43 ||    43

Table legend: (Time is in decaauts)
 A = Elapsed time spent in this place.
 B = Non-inter-level travel time spent in this place.
 C = Inter-level travel time spent in this place.
 D = Time resting spent in this place.
 E = Time spent auto-exploring this place.
 F = Levels seen in this place.
 G = Mean time per level.
                   A        B        C        D        E       F      G
               +--------+--------+--------+--------+--------+-----+--------+
         Total |   4216 |   3972 |    244 |    621 |   2609 |   6 |  702.7 |
       Dungeon |   4084 |   3861 |    223 |    621 |   2503 |   5 |  816.8 |
        Temple |    131 |    110 |     21 |      0 |    106 |   1 |  131.0 |
               +--------+--------+--------+--------+--------+-----+--------+

Top non-repeatable levels by time:
     D:4: 1175 daAuts
     D:1: 982 daAuts
     D:2: 891 daAuts
     D:3: 746 daAuts
     D:5: 288 daAuts
  Temple: 131 daAuts
